 Dungeon Crawl Stone Soup version 0.20.0-10-g0535bb4 (webtiles) character file.

44 miragecloak the Changer (level 3, -5/23 HPs)
             Began as an Octopode Transmuter on June 6, 2017.
             Slain by an ogre
             ... wielding a +0 giant club
              (15 damage)
             ... on level 4 of the Dungeon.
             The game lasted 00:01:23 (1295 turns).

miragecloak the Changer (Octopode Transmuter)       Turns: 1295, Time: 00:01:24

Health: -5/23      AC:  1    Str:  9    XL:     3   Next: 60%
Magic:  0/6        EV: 13    Int: 15    God:
Gold:   57         SH:  0    Dex: 13    Spells: 2/6 levels left

rFire    . . .     SeeInvis .     - Unarmed
rCold    . . .     Gourm    .   (no shield)
rNeg     . . .     Faith    .   (helmet restricted)
rPois    .         Spirit   .   (no amulet)
rElec    .         Reflect  .   (no ring)
rCorr    .         Harm     .   (no ring)
MR       .....                  (no ring)
Stlth    ++........             (no ring)
Regen    0.1/turn               (no ring)
MPRegen  0.1/turn               (no ring)
                                (no ring)
                                (no ring)

@: very slightly contaminated
A: almost no armour, stealthy swim, amphibious, 8 rings, constrict 8, camouflage
1, gelatinous body 1
a: no special abilities


You were on level 4 of the Dungeon.
You were not hungry.

You visited 1 branch of the dungeon, and saw 4 of its levels.

You collected 57 gold pieces.

Inventory:

Missiles
 a - 12 arrows
Jewellery
 d - an uncursed ring of protection from cold {unknown}
Scrolls
 e - a scroll of teleportation {unknown}
 f - a scroll of remove curse {unknown}
Potions
 g - a potion of curing {unknown}
Books
 b - a book of Changes

   Spells                             Type                      Level
   a - Beastly Appendage              Transmutation                1
   b - Sticks to Snakes               Transmutation                2
   c - Spider Form                    Transmutation/Poison         3
   d - Ice Form                       Ice/Transmutation            4
   e - Blade Hands                    Transmutation                5
Comestibles
 c - 2 bread rations
 h - 2 chunks of flesh


   Skills:
 - Level 1.0 Fighting
 - Level 2.0 Dodging
 - Level 3.0 Unarmed Combat
 - Level 2.0 Spellcasting
 + Level 3.6 Transmutations
 * Level 1.2 Poison Magic


You had 2 spell levels left.
You knew the following spells:

 Your Spells              Type           Power        Failure   Level  Hunger
a - Beastly Appendage     Tmut           ##....       4%          1    #......
b - Spider Form           Tmut/Pois      #.........   24%         3    ###....


Dungeon Overview and Level Annotations

Branches:
Dungeon (4/15)
 Temple: D:4-7

Altars:
Fedhas
Nemelex Xobeh
Okawaru
Yredelemnul


Innate Abilities, Weirdness & Mutations

You cannot wear most types of armour.
You are very stealthy in the water. (Stealth+)
You are amphibious.
You can wear up to eight rings at the same time.
You can use your tentacles to constrict eight enemies at once.
Your skin changes colour to match your surroundings (Stealth+).
Your rubbery body absorbs attacks. (AC +1, EV +1)


Message History

The ogre shouts!
The ogre closely misses you.
You barely miss the ogre. You squeeze the ogre, but do no damage.
Casting: Spider Form
Confirm with . or Enter, or press ? or * to list all spells.
You miscast Spider Form.
Your skin tingles.
The ogre barely misses you.
You tentacle-slap the ogre.
The ogre is lightly wounded.
The ogre hits you with a giant club!
You tentacle-slap the ogre but do no damage.
Your squeeze misses the ogre.
The ogre is lightly wounded.
The ogre closely misses you.
You tentacle-slap the ogre but do no damage.
The ogre is lightly wounded.
You barely miss the ogre.
The ogre is lightly wounded.
The ogre hits you with a giant club!
Ouch! That really hurt!
You die...

.. .. ##.##.#
#...#..
.......##
.._.....##
.......<.######
#...#.........#
# #.....###.#
.....#..@#
...####.O# #.##
##.. # .#.# #
.# .# .. ##


You could see an ogre.

Vanquished Creatures
  An adder (D:3)
  An ooze (D:1)
  A worm (D:2)
  A dart slug (D:1)
  2 leopard geckos
  An orc (D:2)
  2 giant cockroaches
  2 goblins (D:1)
  A hobgoblin (D:1)
  2 jackals (D:2)
  3 frilled lizards
  4 kobolds
  2 rats
23 creatures vanquished.

Notes
Turn   | Place    | Note
-------+----------+-------------------------------------------
     0 | D:1      | miragecloak the Octopode Transmuter began the quest for the Orb.
     0 | D:1      | Reached XP level 1. HP: 13/13 MP: 3/3
   119 | D:1      | Reached XP level 2. HP: 5/18 MP: 3/5
   761 | D:2      | Reached XP level 3. HP: 21/23 MP: 6/6
   766 | D:2      | Learned a level 3 spell: Spider Form
   886 | D:2      | Found a blossoming altar of Fedhas.
   886 | D:2      | Found a basalt altar of Yredelemnul.
   887 | D:2      | Found a sparkling altar of Nemelex Xobeh.
  1016 | D:3      | Noticed an orc warrior
  1178 | D:3      | Reached skill level 1 in Poison Magic
  1285 | D:4      | Found an iron altar of Okawaru.
  1285 | D:4      | Noticed an ogre
  1295 | D:4      | Slain by an ogre

Skill      XL: |  1  2  3 |
---------------+----------+-----
Transmutations | 3 |  3.6
Poison Magic   | 1 |  1.2
Fighting       | |  1.0
Dodging        | |  2.0
Unarmed Combat | |  3.0
Spellcasting   | |  2.0

Action                   || total
-------------------------++-------
Melee: Unarmed           ||    75
       Constrict         ||    14
       Kick              ||     6
       Tentacles         ||     7
       Punch             ||     1
 Cast: Beastly Appendage ||     9
       Spider Form       ||     2
 Stab: Sleeping          ||     9
  Eat: Chunk             ||     2
Armor: Skin              ||     4
Dodge: Dodged            ||    44
